AoeStats
← Zumoshi

Arabia

507279554Analyzed
1v1 RM · 16d ago on Sep 17, 2026· 38m 21s· 2 players
Game mode
Random Map
Map size
Tiny (2 player)
Population
200
Speed
Normal
Resources
Standard
Victory
Conquest
Starting age
Dark Age
Ending age
Imperial Age
RankedLock teamsTeams togetherTeam positionsShared explorationLock speedFull tech treeHidden civsTurbo modeCheats
Victory
Defeat
🇨🇳 Persians · China
1148
+14
🇮🇱 Magyars · Israel
1100
-14
Zumoshi
7:43 Loom
9:56 Feudal Age
10:37 Double-Bit Axe
12:06 Man-at-Arms
21:11 Castle Age
19:35 Horse Collar
20:38 Gold Mining
21:44 Fletching
21:27 Pikeman
24:00 Bodkin Arrow
24:06 Padded Archer Armor
24:16 Husbandry
27:21 Bow Saw
27:28 Bloodlines
28:00 Light Cavalry
28:59 Leather Archer Armor
28:50 Scale Barding Armor
29:09 Stone Mining
30:51 Chain Barding Armor
yanglegeyang
9:12 Loom
11:31 Feudal Age
15:23 Castle Age
19:19 Bloodlines
20:05 Double-Bit Axe
21:48 Scale Barding Armor
23:53 Forging
26:26 Chain Barding Armor
26:07 Husbandry
27:19 Bow Saw
26:56 Horse Collar
27:08 Gold Mining
31:18 Iron Casting
36:21 Wheelbarrow
Connection lost

Rejoining the realm…

Still unreachable

The connection could not be restored.

Session expired

The server has moved on; the page needs a fresh start.